 Dungeon Crawl Stone Soup version 0.31-a0-765-g67fe2935dc (webtiles) character file.

Game seed: 15702500490794929164

328 Dittersdorf the Shield-Bearer (level 6, -16/39 HPs)
             Began as a Gargoyle Fighter on Sept 15, 2023.
             Was an Initiate of Gozag.
             Demolished by an ogre
             ... wielding a +0 giant club
              (24 damage)
             ... on level 5 of the Dungeon.
             The game lasted 00:07:42 (3166 turns).

Dittersdorf the Shield-Bearer (Gargoyle Fighter)    Turns: 3166, Time: 00:07:43

Health: -16/39     AC: 16    Str: 22    XL:     6   Next: 50%
Magic:  6/6        EV:  8    Int:  8    God:    Gozag
Gold:   139        SH:  4    Dex:  9    Spells: 5/5 levels left

rFire   . . .        a - +1 flail
rCold   . . .        c - +0 buckler
rNeg    + . .        h - +0 chain mail
rPois   ∞            l - +0 helmet
rElec   +            (no cloak)
rCorr   .            g - +0 pair of gloves
SInv    .            (no boots)
Will    .....        (no amulet) Stlth
                     (no ring)
HPRegen 0.26/turn    (no ring)
MPRegen 0.10/turn

%: no passive effects
@: no status effects
A: sickness immunity, AC +4, negative energy resistance 1, electricity
resistance, torment resistance 1, petrification resistance
a: Renounce Religion, Potion Petition, Call Merchant, Bribe Branch


You were on level 5 of the Dungeon.
You worshipped Gozag.
Gozag was aware of your devotion.
You visited 2 branches of the dungeon, and saw 6 of its levels.

You collected 198 gold pieces.
You paid 59 gold pieces to Gozag.

Inventory:

Hand Weapons
 a - a +1 flail (weapon)
Missiles
 k - 3 poisoned darts (quivered)
Armour
 c - a +0 buckler (worn)
 g - a +0 pair of gloves (worn)
 h - a +0 chain mail (worn)
 l - a +0 helmet (worn)
Wands
 i - a wand of iceblast (4)
Scrolls
 e - 3 scrolls of teleportation
 f - a scroll of brand weapon
Potions
 d - 2 potions of might


   Skills:
 + Level 4.7 Fighting
 + Level 3.7 Maces & Flails
 + Level 4.8 Armour
 + Level 4.8 Shields


You had 5 spell levels left.
You didn't know any spells.
Your spell library contained the following spells:

 Spells                   Type           Power      Damage    Failure   Level
 Slow                     Hex            0%         N/A       97%         1
 Confusing Touch          Hex            0%         N/A       100%        3
 Sigil of Binding         Hex            0%         N/A       100%        3
 Vampiric Draining        Necr           0%         2d6       100%        3


Dungeon Overview and Level Annotations

Branches:
Dungeon (5/15)             Temple (1/1) D:5

Altars:
Ashenzari
Cheibriados
Elyvilon
Fedhas
Gozag
Makhleb
Nemelex Xobeh
Qazlal
Ru
Sif Muna
Trog
Uskayaw
Vehumet
Wu Jian
Zin

Shops:
D:2 (

Annotations:
D:5 Ijyb


Innate Abilities, Weirdness & Mutations

You are immune to sickness and miasma.
Your stone body is resilient. (AC +4)
You are immune to poison.
You resist negative energy. (rN+)
You are resistant to electric shocks. (rElec)
You are resistant to unholy torment.
You are immune to petrification.


Message History

* * * LOW HITPOINT WARNING * * *
The iguana closely misses you.
You are too injured to fight recklessly!
You are too injured to fight recklessly!
You are too injured to fight recklessly!
You are too injured to fight recklessly!
You are too injured to fight recklessly!
You are too injured to fight recklessly!
You are too injured to fight recklessly!
You are too injured to fight recklessly!
You are too injured to fight recklessly!
You are too injured to fight recklessly!
You are too injured to fight recklessly!
You are too injured to fight recklessly!
You are too injured to fight recklessly!
You are too injured to fight recklessly!
You are too injured to fight recklessly!
Throw: 5 darts (poison)
Press: ? - help, Q - select action, (/) - cycle Shift-Dir - straight line, f - iguana
Aim: an iguana (56% to hit)
You throw a poisoned dart.
The poisoned dart barely misses the iguana.
The iguana bites you but does no damage.
Throw: 4 darts (poison)
Press: ? - help, Q - select action, (/) - cycle Shift-Dir - straight line, f/p - iguana
Aim: an iguana (56% to hit)
You throw a poisoned dart.
The poisoned dart barely misses the iguana.
The poisoned dart hits the ogre.
The ogre is poisoned.
The ogre is severely wounded.
The iguana bites you but does no damage.
The iguana attacks as it pursues you!
The iguana bites you but does no damage.
The iguana attacks as it pursues you! The iguana bites you.
* * * LOW HITPOINT WARNING * * *
The ogre attacks as it pursues you!
The ogre hits you with a +0 giant club!!
Ouch! That really hurt!
You die...
Your body crumbles into a pile of gold.

***,,*#*#.,*#........#######
**,,..#.#.###......##.######
,,,,.......#.........#######*
,,,**,,,,#...........####...**
,,,,,,,,*#......(....####.#.,*
,,,,,**,*#....##..##.####...,*
,,,,**,,#....##........#....,*
,,,..#.......#..lO.........#**
,,,........#.#..@.........##
,,*#......##.##...b..##....#***
,,*#.....###...b..#####.....*,**
,**#.........#....#####...##,,,*
,,,......###.##....)......#.,,,**
..,.......#................,,,,,,
..*#.....................#.,,,,**
##*###.##..##............#,,,,,,,
.####..##..###..........##*,,,,,,


You could see an ogre (poisoned) and an iguana.

Vanquished Creatures
  2 hounds
  An orc wizard (Temple)
  An iguana (D:4)
  A sleepcap (D:3)
  A gnoll (D:5)
  7 adders
  A shadow imp (D:5)
  An ufetubus (D:4)
  5 worms
  A dart slug (D:1)
  10 orcs
  7 ball pythons
  3 bats
  3 endoplasms
  3 giant cockroaches
  8 goblins
  5 hobgoblins
  6 jackals
  2 quokkas
  9 kobolds
  8 rats
85 creatures vanquished.

Notes
Turn   | Place    | Note
-------+----------+-------------------------------------------
     0 | D:1      | Dittersdorf the Gargoyle Fighter began the quest for the
                  | Orb.
     0 | D:1      | Reached XP level 1. HP: 14/14 MP: 1/1
    46 | D:1      | Found a faded altar of an unknown god.
    92 | D:1      | Reached XP level 2. HP: 5/19 MP: 2/2
   397 | D:1      | Reached XP level 3. HP: 21/23 MP: 3/3
  1015 | D:2      | Found Kostrex's Weapon Shoppe.
  1359 | D:3      | Reached XP level 4. HP: 29/29 MP: 4/4
  1520 | D:3      | Found a snail-covered altar of Cheibriados.
  1970 | D:3      | Reached XP level 5. HP: 25/33 MP: 5/5
  2846 | D:5      | Entered Level 5 of the Dungeon
  2852 | D:5      | Reached XP level 6. HP: 39/39 MP: 6/6
  2988 | D:5      | Noticed Ijyb
  3004 | D:5      | Found a staircase to the Ecumenical Temple.
  3014 | Temple   | Entered the Ecumenical Temple
  3084 | Temple   | Became a worshipper of Gozag Ym Sagoz the Greedy
  3166 | D:5      | Demolished by an ogre

Illustrated notes

Levels and vault maps discovered:
D:1:      dpeg_arrival_tiny_j, layout_rooms, ebering_ecumenical_altar_mist,
          minmay_pentomino_s4
D:2:      layout_loops_cross, serial_shops, shop
D:3:      layout_basic, cheibriados_altar_1, chequers_serial_rivers_micro_c
D:4:      layout_basic, hangedman_feature_mirror, st_stairs_14
D:5:      layout_cave_pools, tso_metal_star, xom_butterflies,
          minmay_temple_entry_butterflies, uniq_blork_the_orc, uniq_ijyb
Temple:   nicolae_temple_great_sept

Skill      XL: |  1  2  3  4 |
---------------+-------------+-----
Shields        | 4 |  4.8
Fighting       | 4 |  4.7
Armour         | 4 |  4.8
Maces & Flails | 3 |  3.7

Action                     |  1- 3 |  4- 6 || total
---------------------------+-------+-------++-------
  Melee: Flail             |   121 |   221 ||   342
  Throw: Dart              |       |     2 ||     2
    Use: Scroll            |       |     8 ||     8
 Armour: Scale mail        |   114 |    71 ||   185
         Chain mail        |       |   132 ||   132
  Dodge: Dodged            |    79 |   134 ||   213
  Block: Buckler           |    28 |    58 ||    86

Table legend: (Time is in decaauts)
 A = Elapsed time spent in this place.
 B = Non-inter-level travel time spent in this place.
 C = Inter-level travel time spent in this place.
 D = Time resting spent in this place.
 E = Time spent auto-exploring this place.
 F = Levels seen in this place.
 G = Mean time per level.
                   A        B        C        D        E       F      G
               +--------+--------+--------+--------+--------+-----+--------+
         Total |   3267 |   3137 |    130 |    175 |   2145 |   6 |  544.5 |
       Dungeon |   3180 |   3050 |    130 |    137 |   2145 |   5 |  636.0 |
        Temple |     86 |     86 |      0 |     38 |      0 |   1 |   86.0 |
               +--------+--------+--------+--------+--------+-----+--------+

Top non-repeatable levels by time:
     D:4: 842 daAuts
     D:3: 746 daAuts
     D:1: 732 daAuts
     D:2: 607 daAuts
     D:5: 252 daAuts
  Temple: 86 daAuts
